 Dungeon Crawl Stone Soup version 0.30-a0-439-g9e77e4d916 (webtiles) character file.

Game seed: 17717748202517988112

468432 cforsyth the Conqueror (level 23, -1/360 HPs)
             Began as a Minotaur Berserker on Dec 11, 2022.
             Was a High Priest of Trog.
             Killed from afar by a black draconian (9 damage)
             ... with a bolt of lightning
             ... led by a purple draconian shifter
             ... on level 1 of the Realm of Zot.
             The game lasted 02:33:25 (68177 turns).

cforsyth the Conqueror (Minotaur Berserker)        Turns: 68177, Time: 02:33:26

Health: -1/360     AC: 40    Str: 34    XL:     23   Next: 20%
Magic:  31/31      EV: 17    Int: 12    God:    Trog [*****.]
Gold:   4104       SH: 19    Dex: 11    Spells: 22/22 levels left

rFire   + + .      SeeInvis +    o - +6 broad axe of the Present {vorpal, rC++}
rCold   + + +      Faith    .    X - +2 kite shield {rN+}
rNeg    + + .      Spirit   .    Q - +2 plate armour {rC+}
rPois   .          Reflect  .    (helmet unavailable)
rElec   +          Harm     .    a - +2 cloak of Mioxeu {rF+}
rCorr   +          Rampage  .    N - +2 pair of gloves "Uroduirr" {Dex+3 Slay+3}
Will    ++...                    H - +4 pair of boots of Solemn Satisfaction {Fly Will+ MP+9}
Stlth   ..........               O - amulet of Niyku {RegenMP rElec rN+ rCorr}
HPRegen 1.60/turn                Y - ring of Elyvilon's Castigation {Str+5 Int+2 SInv}
MPRegen 0.62/turn                k - ring of protection from fire

@: berserking (expiring), flying, studying Armour, unable to read, very quick
A: horns 3, retaliatory headbutt, iridescent scales 1, large bone plates 1,
clever 1, clumsy 1, regeneration 1, evolution 1, inability to read after injury
1, MP-powered wands
}: 3/15 runes: decaying, serpentine, slimy
a: Renounce Religion, Berserk, Trog's Hand, Brothers in Arms


You were on level 1 of the Realm of Zot.
You worshipped Trog.
Trog was extremely pleased with you.
You visited 11 branches of the dungeon, and saw 48 of its levels.
You visited 1 bazaar.

You collected 5189 gold pieces.
You spent 1085 gold pieces at shops.

Inventory:

Hand Weapons
 o - the +6 broad axe of the Present (weapon) {vorpal, rC++}
   (Trog gifted it to you on level 15 of the Dungeon)

   It inflicts extra damage upon your enemies.
   rC:        It greatly protects you from cold.
 E - a +3 antimagic broad axe
 M - a +9 vorpal broad axe
Armour
 a - the +2 cloak of Mioxeu (worn) {rF+}
   (You bought it in a shop on level 13 of the Dungeon)

   rF:        It protects you from fire.
 H - the +4 pair of boots of Solemn Satisfaction (worn) {Fly Will+ MP+9}
   (You found it on level 8 of the Dungeon)

   MP:        It affects your magic capacity (+9).
   Fly:       It grants you flight.
   Will:      It increases your willpower.
 N - the +2 pair of gloves "Uroduirr" (worn) {Dex+3 Slay+3}
   (You found it on level 1 of the Vaults)

   Dex:       It affects your dexterity (+3).
   Slay:      It affects your accuracy & damage with ranged weapons and melee
   (+3).
 P - a +2 hat
 Q - a +2 plate armour of cold resistance (worn)
 V - a +0 cloak of willpower
 X - a +2 kite shield of positive energy (worn)
Jewellery
 i - the ring "Liomugh" {Wiz rPois rN+}
   (You found it on level 3 of the Vaults)

   [ring of wizardry]

   It improves your spell success rate.
   rPois:     It protects you from poison.
   rN:        It protects you from negative energy.
 k - a ring of protection from fire (right hand)
 v - the amulet of Fiarghesa {Reflect rC+ Str+3 SH+5}
   (You acquired it on level 3 of the Elven Halls)

   [amulet of reflection]

   It reflects blocked missile attacks.
   Str:       It affects your strength (+3).
   rC:        It protects you from cold.
   SH:        It affects your SH (+5).
 y - an amulet of regeneration
 O - the amulet of Niyku (around neck) {RegenMP rElec rN+ rCorr}
   (You took it off a deep elf annihilator on level 3 of the Elven Halls)

   [amulet of magic regeneration]

   It increases your rate of magic regeneration.
   rElec:     It insulates you from electricity.
   rN:        It protects you from negative energy.
   rCorr:     It protects you from acid and corrosion.
 T - the ring of Fisoijac {Str+6 Int+9 Dex+2}
   (You took it off a spriggan druid on level 1 of the Swamp)

   [ring of strength]

   Str:       It affects your strength (+6).
   Int:       It affects your intelligence (+9).
   Dex:       It affects your dexterity (+2).
 W - a ring of protection from cold
 Y - the ring of Elyvilon's Castigation (left hand) {Str+5 Int+2 SInv}
   (You found it on level 4 of the Depths)

   [ring of see invisible]

   Str:       It affects your strength (+5).
   Int:       It affects your intelligence (+2).
   SInv:      It lets you see invisible.
Wands
 h - a wand of roots (48)
 x - a wand of mindburst (11)
 A - a wand of light (36)
 D - a wand of paralysis (22)
 J - a wand of polymorph (3)
 K - a wand of digging (17)
 L - a wand of flame (55)
Scrolls
 b - 2 scrolls of enchant weapon
 c - 26 scrolls of teleportation
 j - a scroll of brand weapon
 m - 9 scrolls of fog
 p - 3 scrolls of fear
 q - 7 scrolls of vulnerability
 r - 6 scrolls of magic mapping
 s - 7 scrolls of poison
 t - a scroll of silence
 u - 8 scrolls of immolation
 z - a scroll of summoning
 G - 3 scrolls of blinking
 R - 3 scrolls of torment
 Z - 6 scrolls of enchant armour
Potions
 d - 3 potions of haste
 e - 6 potions of might
 f - 14 potions of heal wounds
 g - 2 potions of resistance
 l - 9 potions of attraction
 n - 19 potions of curing
 w - 5 potions of invisibility
 B - 2 potions of berserk rage
 C - a potion of cancellation
 F - 3 potions of ambrosia
 U - 5 potions of lignification
Miscellaneous
 I - a lightning rod (4/4)


   Skills:
 O Level 27 Fighting
 + Level 23.5 Axes
 + Level 25.5 Armour
 + Level 23.7 Dodging
 - Level 15.0 Shields
 - Level 12.8 Evocations


You had 22 spell levels left.
You didn't know any spells.
Your spell library was empty.

Dungeon Overview and Level Annotations

Branches:
Dungeon (15/15)            Temple (1/1) D:7            Lair (5/5) D:10
  Swamp (4/4) Lair:3        Snake (4/4) Lair:2        Slime (5/5) Lair:4
    Orc (2/2) D:11            Elf (3/3) Orc:2        Vaults (4/5) D:14
  Crypt (0/3) Vaults:3     Depths (4/4) D:15            Zot (1/5) Depths:4

Altars:
Cheibriados
Dithmenos
Elyvilon
Gozag
Hepliaklqana
Kikubaaqudgha
Makhleb
Okawaru
Ru
Sif Muna
Trog
Vehumet
Yredelemnul
Zin
The Shining One

Shops:
D:1 (   D:9 =   D:11 *   D:13 *   Orc:2 *(*(   Elf:1 *   Elf:2 (*   Elf:3 =
Snake:2 ?   Snake:3 *(   Vaults:1 *   Vaults:3 [   Depths:3 =((

Portals:
Hell: Depths:1 Depths:2 Depths:3 Depths:4
Abyss: Depths:1 Depths:3
Pandemonium: Depths:2
Ziggurat: Depths:4

Annotations:
D:15 Roxanne
Lair:1 2 transporters
Lair:2 2 runed translucent doors, Bediveer's ghost, journeyman KoHu
Lair:4 exclusion: oklob plant
Elf:2 2 transporters, Onuviolink's ghost, journeyman DEEE


Innate Abilities, Weirdness & Mutations

You have a pair of large horns on your head.
You reflexively headbutt those who attack you in melee.
You are partially covered in iridescent scales. (AC +2)
You are partially covered in large bone plates. (SH +4)
Your mind is acute. (Int +4, Str/Dex -1)
You are clumsy. (Dex -2)
Your natural rate of healing is unusually fast.
You have hidden genetic potential.
You occasionally lose the ability to read scrolls when taking damage.
You expend magic power (3 MP) to strengthen your wands.


Message History

The purple draconian shifter is almost dead.
The purple draconian closely misses you.
The purple draconian shifter breathes dispelling energy at you.
The bolt of dispelling energy hits you!!!
You feel threatened and lose the ability to read scrolls!
* * * LOW HITPOINT WARNING * * *
You hit the purple draconian shifter.
You kill the purple draconian shifter!
Trog accepts your kill.
Trog appreciates your killing of a magic user.
The black draconian breathes lightning at you.
The bolt of lightning hits you! You resist.
* * * LOW HITPOINT WARNING * * *
The purple draconian breathes dispelling energy at you.
The bolt of dispelling energy misses you.
Unknown command.
Things that are here:
a +0 dagger; a +0 cloak; a purple draconian corpse You hit the black draconian.
You headbutt the black draconian!!
The black draconian is moderately wounded.
You slash the purple draconian!
You chop the white draconian stormcaller into pieces!!!
You block the black draconian's attack.
You block the white draconian stormcaller's attack.
The purple draconian hits you with a +0 halberd!
* * * LOW HITPOINT WARNING * * *
Unknown command.
You slash the black draconian!
You headbutt the black draconian, but do no damage.
The black draconian is heavily wounded.
You slash the white draconian stormcaller!
You closely miss the purple draconian.
Unknown command.
You slice the black draconian!! You headbutt the black draconian!
The black draconian is almost dead.
You barely miss the white draconian stormcaller.
You slice the purple draconian!!
The black draconian breathes lightning at you.
The bolt of lightning hits you! You resist.
You die...

#.........# #.#######.#
#.#####.#.# #.......#.#
#######.#.# ##### #.#§#####...#
#######.#§#.......#
#∩......#§#.##....#
##############@#.##...(#
#...........§ddq§##....########
#.#.#.###q##§#§####............
###...#...#....#).....#.#########
........§q.....q÷........).....).
......q.#......d#.[.#........))).
..#####.#######.#.......#########
#..q.# #.q.d.###...### #....#
#.###.....###


You could see a black draconian (catching breath), a purple draconian (catching
breath) and a white draconian stormcaller.

Vanquished Creatures
  A dread lich (Depths:4)
  2 ancient liches
  3 juggernauts
  Saint Roka (Snake:2)
  A shard shrike (Slime:5)
  A caustic shrike (Depths:2)
  A golden dragon (Zot:1)
  Jorgrun (Orc:1)
  4 deep elf blademasters
  A tentacled monstrosity (Zot:1)
  2 liches (Depths:2)
  2 deep elf master archers (Elf:3)
  A quicksilver dragon (Zot:1)
  20 acid blobs
  A death cob (Zot:1)
  4 sphinxes
  A shadow dragon (Zot:1)
  3 storm dragons
  2 revenants (Vaults:3)
  A thorn hunter (Swamp:4)
  2 fenstrider witches
  A draconian monk (Depths:4)
  11 azure jellies
  13 rockslimes
  6 nagarajas
  2 fire giants
  6 frost giants
  6 deep elf sorcerers (Elf:3)
  A draconian knight (Zot:1)
  A draconian scorcher (Depths:4)
  4 vault wardens
  3 draconian shifters (Zot:1)
  9 deep elf elementalists
  16 quicksilver oozes
  2 draconian annihilators
  An orc warlord (Vaults:3)
  16 very ugly things
  4 spriggan defenders
  19 ironbound preservers
  5 ironbound thunderhulks
  2 vampire knights (Depths:3)
  3 black draconians
  6 eleionomae
  11 stone giants
  3 green draconians
  3 deep elf demonologists (Elf:3)
  A spectral titan (Depths:4)
  15 dire elephants
  A white draconian (Depths:4)
  3 bunyips
  10 deep elf annihilators (Elf:3)
  A purple draconian (Depths:4)
  2 yellow draconians
  2 red draconians
  7 fire dragons
  Snorg (Orc:1)
  6 deep elf death magi
  7 ettins
  A spectral golden dragon (Depths:4)
  7 yaktaur captains
  16 great orbs of eyes
  18 hydras
  A shambling mangrove (Swamp:4)
  Fannar (D:11)
  7 deep elf high priests
  2 salamander tyrants
  4 entropy weavers
  5 ice dragons
  4 vault guards
  3 rakshasas
  10 ghost crabs
  8 ironbound frosthearts
  A spectral shadow dragon (Depths:4)
  4 boulder beetles
  3 ogre magi
  2 spriggan air magi
  2 catoblepae (Lair:5)
  15 anacondas
  9 centaur warriors
  A death knight (D:13)
  17 two-headed ogres
  23 dancing weapons
  11 death yaks
  5 deep troll earth magi
  5 alligators
  6 deep troll shamans
  11 naga warriors
  3 spriggan berserkers
  8 tengu warriors
  An orc high priest (Elf:2)
  2 vampire magi
  5 spriggans
  A spectral storm dragon (Depths:4)
  4 hell knights (Depths:3)
  6 naga sharpshooters
  Urug (D:11)
  A soul eater (Depths:2)
  A sun demon (Depths:2)
  7 iron trolls
  12 deep elf knights
  4 shock serpents
  4 salamander mystics
  Amaemon (Lair:1)
  2 skeletal warriors
  A flayed ghost (Depths:2)
  2 naga ritualists
  5 spriggan druids (Swamp:1)
  53 deep trolls
  6 glowing orange brains
  12 bog bodies
  3 goliath frogs
  A steelbarb worm (shapeshifter) (Depths:3)
  A shadow demon (Depths:2)
  13 wizards
  9 deep elf archers
  6 swamp dragons (Swamp:4)
  5 lindwurms
  8 orc knights
  A lindwurm (shapeshifter) (Depths:4)
  A harpy (shapeshifter) (D:15)
  23 deep elf zephyrmancers
  9 mana vipers
  18 deep elf pyromancers
  16 ironbound convokers
  6 necromancers
  A mana viper (shapeshifter) (D:14)
  8 shining eyes
  18 salamanders
  2 cyclopes
  43 ugly things
  A will-o-the-wisp (Swamp:1)
  An orc sorcerer (Orc:2)
  A wolf spider (D:15)
  5 manticores
  A manticore (shapeshifter) (Depths:2)
  8 elephants (Lair:5)
  2 moths of wrath (Zot:1)
  24 vault sentinels
  Maurice (D:13)
  13 naga magi
  4 apocalypse crabs (Swamp:1)
  A torpor snail (Lair:5)
  5 guardian serpents
  29 black mambas
  An orange demon (Lair:1)
  19 cane toads
  3 eyes of devastation
  3 gargoyles
  3 storm dragon simulacra (Depths:4)
  Psyche (D:9)
  An unseen horror (D:11)
  A komodo dragon (shapeshifter) (Depths:3)
  3 freezing wraiths
  14 yaktaurs
  9 komodo dragons
  An ice devil (Depths:2)
  A hellwing (Depths:2)
  4 trolls
  4 tengu conjurers
  2 bloated husks (Swamp:2)
  A red devil (Depths:2)
  5 polar bears
  Grinder (D:4)
  8 tyrant leeches
  7 hornets
  5 blink frogs (Lair:1)
  109 slime creatures
  A slime creature (shapeshifter) (Depths:2)
  3 large abominations (Elf:1)
  11 dream sheep (Lair:5)
  A jumping spider (Vaults:3)
  An iron dragon simulacrum (Depths:4)
  A centaur simulacrum (D:15)
  A culicivora (shapeshifter) (Elf:2)
  3 air elementals
  4 shadows
  3 fire elementals
  3 water elementals
  6 wraiths
  48 yaks
  9 wyverns
  3 steam dragons
  4 basilisks
  8 golden eyes
  3 neqoxecs (Depths:2)
  4 redbacks
  A redback (shapeshifter) (D:12)
  4 vampire mosquitoes (Swamp:2)
  A chaos spawn (Depths:2)
  2 wargs (Snake:2)
  Edmund (D:6)
  10 swamp worms
  22 water moccasins
  19 nagas
  7 swamp drakes (Swamp:4)
  2 acid dragons
  A floating eye (Slime:3)
  35 orc warriors
  4 black bears
  19 centaurs
  5 ogres
  5 boggarts (Vaults:4)
  14 wolves
  A kobold brigand (D:6)
  4 elf zombies (Elf:1)
  A necrophage (D:4)
  8 bullfrogs
  A gnoll sergeant (D:9)
  4 earth elementals
  A glowing shapeshifter simulacrum (Depths:4)
  5 wights (D:9)
  4 scorpions
  6 killer bees (D:7)
  An electric eel (D:15)
  4 howler monkeys
  A bullfrog zombie (D:7)
  A centaur zombie (D:7)
  19 orc priests
  3 hounds
  A gnoll bouda (D:7)
  2 human skeletons (D:7)
  Terence (D:2)
  6 iguanas
  14 orc wizards
  7 hell rats (Lair:2)
  6 adders
  14 gnolls
  An ufetubus (D:7)
  A worm (D:2)
  3 dart slugs
  79 orcs
  4 bats
  8 endoplasms
  3 giant cockroaches
  4 hobgoblins
  8 jackals (D:1)
  4 quokkas
  8 ball pythons
  6 frilled lizards
  8 goblins
  11 kobolds
  3 orc skeletons (D:7)
  An orc zombie (D:7)
  5 rats
  2 briar patches (Swamp:4)
  A bush (Lair:5)
1647 creatures vanquished.

Vanquished Creatures (collateral kills)
  A golden dragon (Vaults:4)
  The ghost of Usuebad the Warrior, an adept DgCj (Depths:4)
  A spectral titan (Depths:4)
  A vault sentinel (Vaults:4)
4 creatures vanquished.

Vanquished Creatures (others)
  A deep elf annihilator (Elf:3)
  A death knight (Vaults:3)
  2 bloated husks
  An orc (D:7)
  A bush (Lair:5)
  4 foxfires (Swamp:1)
  45 fungi
  72 plants
127 creatures vanquished.

Grand Total: 1778 creatures vanquished

Notes
Turn   | Place    | Note
-------+----------+-------------------------------------------
     0 | D:1      | cforsyth the Minotaur Berserker began the quest for the
                  | Orb.
     0 | D:1      | Reached XP level 1. HP: 19/19 MP: 0/0
   255 | D:1      | Reached XP level 2. HP: 24/27 MP: 1/1
   408 | D:1      | Reached skill level 4 in Fighting
   529 | D:1      | Found a faded altar of an unknown god.
   592 | D:1      | Reached ** piety under Trog
   597 | D:1      | Reached XP level 3. HP: 31/33 MP: 2/2
   654 | D:1      | Found Jyxeur's Weapon Boutique.
   945 | D:2      | Found an opulent altar of Gozag.
   964 | D:2      | Noticed Terence
   971 | D:2      | Killed Terence
   972 | D:2      | Reached XP level 4. HP: 41/41 MP: 3/3
  1357 | D:3      | Reached XP level 5. HP: 40/47 MP: 4/4
  1369 | D:3      | Reached *** piety under Trog
  1384 | D:3      | Reached skill level 5 in Fighting
  1517 | D:3      | Reached skill level 5 in Axes
  2082 | D:4      | You fall into a shaft and drop 3 floors!
  2082 | D:7      | Found a snail-covered altar of Cheibriados.
  2087 | D:7      | Noticed a water moccasin
  2092 | D:7      | Killed a water moccasin
  2093 | D:7      | Reached XP level 6. HP: 56/56 MP: 5/5
  2166 | D:6      | Noticed Edmund
  2175 | D:6      | Killed Edmund
  2176 | D:6      | Reached skill level 5 in Armour
  2176 | D:6      | Reached XP level 7. HP: 51/62 MP: 6/6
  2218 | D:6      | Identified the +0 leather armour "Dilonuz" {Str+3}
  2272 | D:5      | Entered Level 5 of the Dungeon
  2335 | D:5      | Reached skill level 6 in Fighting
  2574 | D:4      | Reached skill level 5 in Dodging
  2649 | D:4      | Identified the +3 scale mail of the Centipede {Str+3}
  2673 | D:4      | Reached XP level 8. HP: 64/71 MP: 7/7
  2730 | D:4      | Noticed Grinder
  2744 | D:4      | Paralysed by Grinder for 5 turns
  2752 | D:4      | Killed Grinder
  2753 | D:4      | Reached skill level 7 in Fighting
  2784 | D:4      | Found an opulent altar of Gozag.
  2932 | D:4      | Reached **** piety under Trog
  2996 | D:4      | Found a radiant altar of Vehumet.
  3221 | D:5      | Identified the +3 spear of Tygyim {venom, Stlth+}
  3767 | D:6      | Identified 2 scrolls of acquirement
  3767 | D:6      | Acquired a manual of Fighting
  3881 | D:6      | Found a shimmering blue altar of Sif Muna.
  4537 | D:7      | Reached skill level 8 in Fighting
  4780 | D:7      | Found a staircase to the Ecumenical Temple.
  4809 | D:7      | Reached XP level 9. HP: 28/82 MP: 8/8
  4993 | D:7      | Acquired a +2 pair of gloves of infusion
  5140 | D:7      | Reached skill level 9 in Fighting
  5174 | Temple   | Entered the Ecumenical Temple
  5935 | D:7      | Found a basalt altar of Yredelemnul.
  6495 | D:8      | Identified the +4 pair of boots of Solemn Satisfaction {Fly
                  | Will+ MP+9}
  6663 | D:8      | Found a glowing golden altar of the Shining One.
  6735 | D:8      | Reached skill level 10 in Fighting
  7284 | D:9      | Found a sacrificial altar of Ru.
  7396 | D:9      | Found a white marble altar of Elyvilon.
  7419 | D:9      | Found Gemumu's Jewellery Shop.
  7438 | D:9      | Reached XP level 10. HP: 83/94 MP: 9/9
  7440 | D:9      | Reached skill level 11 in Fighting
  7512 | D:9      | Noticed Psyche
  7518 | D:9      | Killed Psyche
  7797 | D:9      | Reached ***** piety under Trog
  7989 | D:10     | Entered Level 10 of the Dungeon
  8052 | D:10     | Noticed a gargoyle
  8065 | D:10     | Killed a gargoyle
  8066 | D:10     | Reached skill level 1 in Evocations
  8331 | D:10     | Reached skill level 10 in Axes
  8507 | D:10     | Found a staircase to the Lair.
  8512 | D:10     | Reached skill level 12 in Fighting
  8543 | D:10     | Reached skill level 10 in Armour
  8842 | D:10     | Found a hazy altar of Hepliaklqana.
  9233 | D:11     | Noticed a brown ugly thing
  9239 | D:11     | Killed a brown ugly thing
  9240 | D:11     | Reached XP level 11. HP: 106/106 MP: 10/10
  9718 | D:11     | Found Elu Qit's Assorted Antiques.
  9736 | D:11     | Reached skill level 13 in Fighting
  9874 | D:11     | Noticed Fannar
  9883 | D:11     | Killed Fannar
  9988 | D:11     | Found a staircase to the Orcish Mines.
 10090 | D:11     | Noticed Urug
 10104 | D:11     | Killed Urug
 10188 | D:12     | Noticed a boulder beetle
 10206 | D:12     | Killed a boulder beetle
 10207 | D:12     | Received a gift from Trog
 10298 | D:12     | Reached skill level 10 in Dodging
 10622 | D:12     | Reached skill level 14 in Fighting
 11942 | Lair:1   | Entered Level 1 of the Lair of Beasts
 11952 | Lair:1   | Reached skill level 5 in Evocations
 12344 | Lair:1   | Found a transporter.
 12344 | Lair:1   | Noticed a boulder beetle
 12345 | Lair:1   | Found a transporter.
 12372 | Lair:1   | Noticed Amaemon
 12380 | Lair:1   | Killed Amaemon
 12381 | Lair:1   | Reached XP level 12. HP: 118/118 MP: 11/11
 12450 | Lair:1   | Identified the +5 quarterstaff "Spiderslayer" {vorpal,
                  | rPois}
 12482 | Lair:1   | Found a glowing silver altar of Zin.
 12561 | Lair:1   | Reached skill level 15 in Fighting
 13068 | Lair:2   | Found a large runed translucent door.
 13068 | Lair:2   | Found a large runed translucent door.
 13117 | Lair:2   | Noticed Bediveer's ghost (journeyman KoHu)
 13136 | Lair:2   | Found a staircase to the Snake Pit.
 13854 | Lair:2   | Reached skill level 16 in Fighting
 14292 | Lair:3   | Found a staircase to the Swamp.
 15661 | Lair:4   | Noticed a death yak
 15661 | Lair:4   | Noticed a death yak
 15661 | Lair:4   | Noticed a death yak
 15661 | Lair:4   | Noticed a death yak
 15667 | Lair:3   | Killed a death yak
 15715 | Lair:4   | Noticed a four-headed hydra
 15719 | Lair:4   | Reached skill level 17 in Fighting
 15723 | Lair:4   | Reached XP level 13. HP: 132/132 MP: 0/12
 16256 | Lair:4   | Received a gift from Trog
 16727 | Lair:4   | Found a staircase to the Slime Pits.
 16846 | Lair:5   | Entered Level 5 of the Lair of Beasts
 16922 | Lair:5   | Acquired a manual of Dodging
 17769 | Lair:5   | Reached skill level 18 in Fighting
 17878 | Lair:5   | Received a gift from Trog
 18095 | Lair:5   | Reached XP level 14. HP: 143/143 MP: 13/13
 18523 | Lair:5   | Reached skill level 15 in Axes
 18678 | Lair:5   | Identified the +4 glaive "Fecoak" {vorpal, Will+}
 18685 | Lair:5   | Acquired a manual of Fighting
 19173 | Orc:1    | Entered Level 1 of the Orcish Mines
 19207 | Orc:2    | Entered Level 2 of the Orcish Mines
 19212 | Orc:2    | Found a staircase to the Elven Halls.
 19474 | Orc:2    | Reached skill level 15 in Armour
 19474 | Orc:2    | Reached skill level 15 in Dodging
 20139 | Orc:2    | Received a gift from Trog
 20552 | Orc:2    | Found Hitoll's Weapon Emporium.
 20552 | Orc:2    | Found Gamp's General Store.
 20554 | Orc:2    | Found Wynefuirr's Antique Weapon Boutique.
 20556 | Orc:2    | Found Qoon's Assorted Antiques.
 20739 | Orc:2    | Reached skill level 19 in Fighting
 21015 | Orc:1    | Noticed Jorgrun
 21024 | Orc:1    | Killed Jorgrun
 21363 | Orc:1    | Noticed Snorg
 21375 | Orc:1    | Killed Snorg
 21916 | D:13     | Noticed Maurice
 21933 | D:13     | Killed Maurice
 21970 | D:13     | Reached skill level 1 in Shields
 22247 | D:13     | Found Bouxau's General Store.
 22897 | D:14     | Found an iron altar of Okawaru.
 23342 | D:13     | Reached XP level 15. HP: 69/155 MP: 12/14
 23481 | D:14     | Found a gate to the Vaults.
 23773 | D:15     | Entered Level 15 of the Dungeon
 23820 | D:15     | Found a staircase to the Depths.
 23832 | D:15     | Reached skill level 5 in Shields
 24161 | D:15     | Identified the +6 broad axe of the Present {vorpal, rC++}
                  | (Trog gifted it to you on level 15 of the Dungeon)
 24161 | D:15     | Received a gift from Trog
 24521 | D:15     | Identified Roxanne's Almanac of Forms
 24521 | D:15     | Noticed Roxanne
 24578 | D:15     | Reached skill level 20 in Fighting
 25201 | Snake:1  | Entered Level 1 of the Snake Pit
 26754 | Snake:2  | Noticed a nagaraja
 26778 | Snake:2  | Killed a nagaraja
 26904 | Snake:2  | Noticed Saint Roka
 26926 | Snake:2  | Killed Saint Roka
 27178 | Snake:2  | Found Dutrefie's Magic Scroll Shoppe.
 27206 | Snake:2  | Bought a scroll of enchant armour for 142 gold pieces
 27886 | Snake:3  | Found Wocsuirr's Weapon Shop.
 27886 | Snake:3  | Found Ynniduth's Assorted Antiques.
 27892 | Snake:3  | Received a gift from Trog
 27908 | Snake:3  | Bought 3 purple potions for 75 gold pieces
 27908 | Snake:3  | Bought a transparent steel ring for 140 gold pieces
 27908 | Snake:3  | Identified the ring "Cuwkikiz" {rPois Int+4 Stlth+} (You
                  | bought it in a shop on level 3 of the Snake Pit)
 28026 | Snake:3  | Found a glowing golden altar of the Shining One.
 28054 | Snake:3  | Reached XP level 16. HP: 122/165 MP: 0/15
 28064 | Snake:3  | Reached skill level 21 in Fighting
 28651 | Snake:3  | Reached skill level 10 in Shields
 29085 | Snake:4  | Entered Level 4 of the Snake Pit
 29528 | Swamp:1  | Entered Level 1 of the Swamp
 30708 | Swamp:1  | Found a runed translucent door.
 31553 | Swamp:1  | Identified the ring of Fisoijac {Str+6 Int+9 Dex+2}
 32378 | Swamp:2  | Reached skill level 22 in Fighting
 32384 | Swamp:2  | Received a gift from Trog
 32641 | Swamp:2  | Reached ****** piety under Trog
 33542 | Swamp:4  | Entered Level 4 of the Swamp
 35073 | Swamp:4  | Reached XP level 17. HP: 164/176 MP: 16/16
 35813 | Swamp:4  | Received a gift from Trog
 36433 | Swamp:4  | Got a decaying rune of Zot
 38405 | Snake:4  | Reached skill level 23 in Fighting
 38445 | Snake:4  | Received a gift from Trog
 38568 | Snake:4  | Got a serpentine rune of Zot
 38986 | Vaults:1 | Entered Level 1 of the Vaults
 39685 | D:13     | Bought the +2 cloak of Mioxeu {rF+} for 456 gold pieces
 39919 | Vaults:1 | Found Deshreel's General Store.
 40197 | Vaults:1 | Reached XP level 18. HP: 179/188 MP: 17/17
 40236 | Vaults:1 | Noticed an ancient lich
 40244 | Vaults:1 | Killed an ancient lich
 40361 | Vaults:1 | Reached skill level 15 in Shields
 40643 | Vaults:1 | Identified the +2 pair of gloves "Uroduirr" {Dex+3 Slay+3}
 40810 | Vaults:1 | Received a gift from Trog
 41510 | Vaults:2 | Found a flickering gateway to a bazaar.
 41522 | Bazaar   | Entered a bazaar
 41522 | Bazaar   | Found Puuckud's General Store.
 41522 | Bazaar   | Found Ysaliug's Antique Armour Shop.
 41540 | Bazaar   | Found Pockock's Antique Weapon Emporium.
 41556 | Bazaar   | Found Rexyenoweca's Book Emporium.
 41580 | Bazaar   | Found Afuerchi's Magic Scroll Boutique.
 41588 | Bazaar   | Bought a scroll of brand weapon for 152 gold pieces
 41588 | Bazaar   | Bought a scroll of enchant armour for 120 gold pieces
 41816 | Vaults:2 | Reached skill level 24 in Fighting
 42184 | Vaults:2 | Received a gift from Trog
 42362 | Vaults:2 | Paralysed by a great orb of eyes for 5 turns
 43154 | Vaults:2 | Reached XP level 19. HP: 198/198 MP: 18/18
 43193 | Vaults:2 | Received a gift from Trog
 43316 | Vaults:3 | Found a staircase to the Crypt.
 43989 | Vaults:3 | Received a gift from Trog
 43995 | Vaults:3 | Found Feakylev's Antique Armour Shop.
 44004 | Vaults:3 | Found a transporter.
 44041 | Vaults:3 | Found a transporter.
 44624 | Vaults:3 | Identified the +7 dire flail of Foolhardiness {flame, Int+2
                  | Dex+7}
 44627 | Vaults:3 | Identified the ring "Liomugh" {Wiz rPois rN+}
 44645 | Vaults:3 | Identified the amulet of Crawling {RegenMP -Tele +Inv
                  | Stlth+}
 44647 | Vaults:3 | Identified the +6 spear of Glory {holy, Int+3}
 44954 | Vaults:4 | Received a gift from Trog
 45368 | Vaults:4 | Noticed a golden dragon
 45450 | Vaults:4 | Killed a golden dragon
 45451 | Vaults:4 | Reached skill level 25 in Fighting
 45451 | Vaults:4 | Reached XP level 20. HP: 135/210 MP: 19/19
 46336 | Elf:1    | Entered Level 1 of the Elven Halls
 46370 | Elf:1    | Received a gift from Trog
 46816 | Elf:1    | Paralysed by an air elemental for 1 turns
 46922 | Elf:1    | Found Izxatas's General Store.
 47355 | Elf:2    | Found Huhuil's Antique Weapon Shoppe.
 47432 | Elf:2    | Found Bodimal's General Store.
 47584 | Elf:2    | Found a transporter.
 47680 | Elf:2    | Found a runed translucent gate.
 47681 | Elf:2    | Found a runed translucent gate.
 47682 | Elf:2    | Found a runed translucent gate.
 47729 | Elf:2    | Noticed Onuviolink's ghost (journeyman DEEE)
 47734 | Elf:2    | Received a gift from Trog
 47754 | Elf:2    | Found a transporter.
 47762 | Elf:2    | Found a bloodstained altar of Trog.
 48084 | Elf:2    | Reached skill level 10 in Evocations
 48660 | Elf:3    | Entered Level 3 of the Elven Halls
 48745 | Elf:3    | Received a gift from Trog
 48746 | Elf:3    | Paralysed by an air elemental for 1 turns
 50915 | Elf:3    | Found Muopt's Jewellery Boutique.
 51018 | Elf:3    | Identified the +0 chain mail of Lugonu's Felicitations {Fly
                  | rElec Str-4 Int+9}
 51608 | Elf:3    | Identified the +8 rapier "Wyraqen" {freeze, *Noise rPois
                  | Int+4}
 51758 | Elf:3    | Received a gift from Trog
 51861 | Elf:3    | Identified the +9 lajatang "Omahagi" {freeze, rN+ Int+3
                  | Dex+3}
 52202 | Elf:3    | Reached XP level 21. HP: 163/220 MP: 20/20
 52278 | Elf:3    | Identified the amulet of Niyku {RegenMP rElec rN+ rCorr}
 52531 | Elf:3    | Acquired the amulet of Fiarghesa {Reflect rC+ Str+3 SH+5}
 52901 | Slime:1  | Entered Level 1 of the Pits of Slime
 53994 | Slime:1  | Received a gift from Trog
 53998 | Slime:1  | Gained mutation: You occasionally lose the ability to drink
                  | potions when taking damage. [a shining eye]
 54003 | Slime:1  | Gained mutation: Potions are less effective at restoring
                  | your health. [a shining eye]
 54010 | Slime:1  | Gained mutation: Your magical capacity is low. (-10% MP) [a
                  | shining eye]
 54240 | Slime:2  | Paralysed by a great orb of eyes for 2 turns
 55681 | Slime:4  | Reached skill level 26 in Fighting
 56018 | Slime:3  | Gained mutation: You are dopey. (Int -2) [a shining eye]
 56019 | Slime:3  | Gained mutation: You sometimes lose the ability to drink
                  | potions when taking damage. [a shining eye]
 56609 | Slime:5  | Entered Level 5 of the Pits of Slime
 57036 | Slime:5  | a rockslime changed into a juggernaut
 57036 | Slime:5  | Noticed a juggernaut
 57051 | Slime:4  | Killed a juggernaut
 57279 | Slime:5  | Received a gift from Trog
 57282 | Slime:5  | Gained mutation: Your body sometimes deteriorates upon
                  | taking damage. [a shining eye]
 57486 | Slime:5  | Lost mutation: Your magical capacity is low. (-10% MP) [a
                  | shining eye]
 57486 | Slime:5  | Gained mutation: You are occasionally teleported next to
                  | monsters. [a shining eye]
 57489 | Slime:4  | Gained mutation: You are weak. (Str -2) [a shining eye]
 57642 | Slime:5  | Gained mutation: You occasionally lose the ability to read
                  | scrolls when taking damage. [a shining eye]
 57992 | Slime:4  | Lost mutation: You are occasionally teleported next to
                  | monsters. [potion of mutation]
 57992 | Slime:4  | Lost mutation: Your body sometimes deteriorates upon taking
                  | damage. [potion of mutation]
 57992 | Slime:4  | Lost mutation: You are dopey. (Int -2) [potion of mutation]
 57992 | Slime:4  | Gained mutation: Your flesh is heat resistant. (rF+)
                  | [potion of mutation]
 57993 | Slime:4  | Lost mutation: You are weak. (Str -2) [potion of mutation]
 57993 | Slime:4  | Lost mutation: You sometimes lose the ability to drink
                  | potions when taking damage. [potion of mutation]
 57993 | Slime:4  | Lost mutation: You occasionally lose the ability to drink
                  | potions when taking damage. [potion of mutation]
 57993 | Slime:4  | Gained mutation: You are frail. (-10% HP) [potion of
                  | mutation]
 57993 | Slime:4  | Gained mutation: You are clumsy. (Dex -2) [potion of
                  | mutation]
 59530 | Slime:5  | Noticed the Royal Jelly
 60177 | Slime:5  | the Royal Jelly changed into a shard shrike shaped Royal
                  | Jelly
 60177 | Slime:5  | Noticed a shard shrike shaped Royal Jelly
 61322 | Slime:5  | Killed a shard shrike shaped Royal Jelly
 61363 | Slime:5  | Got a slimy rune of Zot
 61364 | Slime:5  | Identified the +6 executioner's axe of Puumecw {drain, rF+
                  | rCorr Str-2 SInv}
 61416 | Slime:5  | Identified the +5 glaive "Cikhy" {flame, Will++ Str+4
                  | Int+2}
 61438 | Slime:5  | Identified the ring of Fybaod {Contam rPois Will+ Str+4}
 61449 | Slime:5  | Identified the +7 sling of the Conjuring Salmon {vorpal,
                  | *Slow rC+ rN+}
 61456 | Slime:5  | Identified the +9 halberd "Taro" {protect, rPois rN+}
 61711 | Slime:5  | Lost mutation: You occasionally lose the ability to read
                  | scrolls when taking damage. [potion of mutation]
 61711 | Slime:5  | Lost mutation: You are frail. (-10% HP) [potion of
                  | mutation]
 61711 | Slime:5  | Gained mutation: You have a pair of large horns on your
                  | head. [potion of mutation]
 61711 | Slime:5  | Gained mutation: Your mind is acute. (Int +4, Str/Dex -1)
                  | [potion of mutation]
 61711 | Slime:5  | Gained mutation: You occasionally lose the ability to read
                  | scrolls when taking damage. [potion of mutation]
 61711 | Slime:5  | Gained mutation: You have hidden genetic potential. [potion
                  | of mutation]
 61712 | Slime:5  | Lost mutation: Potions are less effective at restoring your
                  | health. [potion of mutation]
 61712 | Slime:5  | Lost mutation: Your flesh is heat resistant. (rF+) [potion
                  | of mutation]
 61712 | Slime:5  | Gained mutation: You expend magic power (3 MP) to
                  | strengthen your wands. [potion of mutation]
 61712 | Slime:5  | Gained mutation: You are partially covered in large bone
                  | plates. (SH +4) [potion of mutation]
 61712 | Slime:5  | Gained mutation: You are partially covered in iridescent
                  | scales. (AC +2) [potion of mutation]
 62041 | Depths:1 | Entered Level 1 of the Depths
 62507 | Depths:1 | Found a one-way gate to the infinite horrors of the Abyss.
 62525 | Depths:1 | Reached XP level 22. HP: 222/231 MP: 21/21
 62724 | Depths:1 | Found a gateway to Hell.
 63255 | Depths:2 | Received a gift from Trog
 63846 | Depths:2 | Noticed a caustic shrike
 63854 | Depths:2 | Killed a caustic shrike
 64197 | Depths:2 | Found a one-way gate leading to the halls of Pandemonium.
 64777 | Depths:3 | Found a shadowy altar of Dithmenos.
 64854 | Depths:3 | Found Luerroje's Antique Weapon Shop.
 64858 | Depths:3 | Found Lomywn's Weapon Shop.
 64871 | Depths:3 | Found Mileox's Jewellery Boutique.
 65569 | Depths:3 | Identified the +6 sling of Duty {flame, rPois Int+7}
 65859 | Depths:4 | Entered Level 4 of the Depths
 65859 | Depths:4 | Noticed a juggernaut
 65868 | Depths:4 | Received a gift from Trog
 65869 | Depths:4 | Killed a juggernaut
 66091 | Depths:4 | Found a one-way gateway to a ziggurat.
 66224 | Depths:4 | Found a gate to the Realm of Zot.
 66522 | Depths:3 | Noticed a juggernaut
 66537 | Depths:3 | Killed a juggernaut
 66538 | Depths:3 | Reached skill level 27 in Fighting
 66548 | Depths:3 | Gained mutation: Your natural rate of healing is unusually
                  | fast. [hidden potential]
 67447 | Depths:4 | Found a runed translucent gate.
 67447 | Depths:4 | Found a runed translucent gate.
 67447 | Depths:4 | Found a runed translucent gate.
 67449 | Depths:4 | Noticed Usuebad's ghost (adept DgCj)
 67449 | Depths:4 | Noticed an ancient lich
 67451 | Depths:4 | Noticed a dread lich
 67725 | Depths:4 | Killed a dread lich
 67726 | Depths:4 | Killed an ancient lich
 67727 | Depths:4 | Reached XP level 23. HP: 240/240 MP: 22/22
 67728 | Depths:4 | Killed Usuebad's ghost
 67748 | Depths:4 | Identified the ring of Elyvilon's Castigation {Str+5 Int+2
                  | SInv}
 67803 | Zot:1    | Entered Level 1 of the Realm of Zot
 67933 | Zot:1    | Received a gift from Trog
 68175 | Zot:1    | HP: 7/360 [purple draconian/+0 halberd (15)]
 68177 | Zot:1    | Killed from afar by a black draconian

Illustrated notes

Levels and vault maps discovered:
D:1:      matt_arrival_spirals, layout_basic, serial_shops, shop,
          ebering_ecumenical_altar_webs, serial_rivers,
          chequers_serial_rivers_micro_a, chequers_serial_rivers_small_a,
          chequers_serial_rivers_small_3, chequers_serial_rivers_micro_b,
          chequers_serial_rivers_room_b, chequers_serial_rivers_small_a
D:2:      layout_rooms, basic_altar, uniq_terence
D:3:      layout_basic
D:4:      layout_loops_ring, grunt_gozag_breadcrumbs,
          mainiacjoe_overflow_tiny_flanked, uniq_grinder
D:5:      layout_rooms, minmay_a_box_with_orc_wizards_in_it
D:6:      layout_loops_ring, kennysheep_mini, uniq_edmund
D:7:      layout_basic, mainiacjoe_overflow_boulevard,
          lemuel_zombie_altar_yredelemnul, minmay_temple_entry_water_ring,
          nicolae_ossuary_entry_catacombs
D:8:      layout_basic, tso_oasis_becter
D:9:      layout_irregular_city, mainiacjoe_overflow_cross_hatched,
          mainiacjoe_overflow_six_doors_small, serial_shops,
          nicolae_stop_n_shop_2, uniq_psyche
D:10:     layout_cave_pods, nicolae_overflow_crystal_walls,
          minmay_lair_entry_grove
D:11:     layout_cave_pools, orc_0_dummy, serial_shops,
          nicolae_shop_behind_doors, uniq_fannar, uniq_urug
D:12:     layout_basic
D:13:     layout_stronghold, serial_shops,
          nicolae_shop_temple_entry_statues_fountains,
          kennysheep_generic_room_16, uniq_maurice
D:14:     layout_rooms, erik_vaults_1, hex_tiny, okawaru_metal_pillars_1_2
D:15:     hangedman_depths_entry_try_elsewhere_first, layout_stronghold,
          serial_bayou_shore_a, uniq_roxanne
Temple:   compressed_dpeg_triangle_lava_temple
Lair:1:   gammafunk_boulding_lane, layout_gridlike, basic_altar,
          beast_lair_carwin_2, uniq_amaemon
Lair:2:   layout_roguey, minmay_snake_entry_spellcaster,
          ebering_ghost_disaster_area, grunt_megastairs_1, lemuel_fruit_tree
Lair:3:   layout_cave_pods, skrybe_swamp_entry_bodies
Lair:4:   layout_loops_ring, slime_entry_1
Lair:5:   grunt_lair_end_beastmaster, layout_regular_city, st_stairs_3
Swamp:1:  gammafunk_mikee_crab_dinner, layout_basic_swamp, wheals_swamp_sinkhole
Swamp:2:  layout_basic_swamp, infiniplex_staircase_pool
Swamp:3:  layout_falls_marsh, evilmike_swamp_ruin_wall
Swamp:4:  swamp_basic_johnstein, layout_basic_swamp
Snake:1:  layout_grid_maze
Snake:2:  layout_gridlike, serial_shops, nicolae_shop_hallway_plus,
          uniq_saint_roka
Snake:3:  layout_rooms, basic_altar, minmay_shoptagon, serial_bayou_shore_b,
          grunt_megastairs_5
Snake:4:  grunt_snake_rune_serpentine_throne, layout_cave_town,
          grunt_megastairs_4
Slime:1:  layout_caves, cheibrodos_slime_lost_civilization_6
Slime:2:  layout_caves, cheibrodos_slime_lost_civilization_4
Slime:3:  layout_caves
Slime:4:  layout_caves
Slime:5
Orc:1:    layout_diamond_mine, uniq_snorg, uniq_jorgrun
Orc:2:    st_orc_rangers, layout_caves
Elf:1:    minmay_elf_arrival_summoners, layout_geoelf_octagon, serial_shops,
          shop, minmay_elf_necromancy, drop_trap
Elf:2:    elven_hall_of_blades_hangedman_original
          [nicolae_blade_entry_pointy_end], layout_loops_cross, serial_shops,
          nicolae_shop_hallway_stairs, gammafunk_ghost_wrathful_warriors,
          grunt_ministairs_1, nicolae_take_the_stairs
Elf:3:    nooodl_elf_gasket, layout_onion_city, serial_shops, shop_statue
Vaults:1: vaults_room_grunt_arrival_ludios, grunt_vaults_focal,
          ontoclasm_vaults_idyll, v_pattern_1, ontoclasm_vaults_spin, v_misc_2,
          v_misc_32, hangedman_vaults_slice, nicolae_vaults_bisected_slash,
          ontoclasm_vaults_tryst, vaults_room_semicircle,
          layout_vaults_omnicross, serial_shops,
          nicolae_shop_temple_entry_statues_fountains
Vaults:2: nicolae_vaults_display_case, hangedman_vaults_nails,
          vaults_dpeg_encased_lava, vaults_dpeg_emergency_exit, v_misc_9,
          nicolae_vaults_network_s, v_alt_pattern_4, v_misc_10,
          hangedman_vaults_trim, dpeg_vaults_monster_box,
          layout_vaults_quadrants, serial_shops, bzr_firewalk
Vaults:3: vaults_room_pools, vaults_room_ringed_pool, gammafunk_its_a_trap,
          vaults_mumra_minichess, v_alt_pattern_1, vaults_room_octagon,
          nicolae_vaults_network_barrier, v_misc_10, vaults_dpeg_hooks,
          minmay_crypt_entry_simple_sparse, vaults_room_octagon,
          layout_vaults_maze_bifur, serial_shops, shop
Vaults:4: st_smaller_cells, hangedman_vaults_maws, grunt_vaults_trifunnel,
          hangedman_vaults_cutoff, hangedman_vaults_stitches, v_alt_pattern_1,
          vaults_room_grid, hangedman_vaults_impose, v_misc_25, v_misc_26,
          nicolae_vaults_little_squares_4, layout_vaults_big_room
Depths:1: layout_cave_shapes, minmay_misc_feat_pillars, abyss_entry, hell_entry,
          grunt_ministairs_9, hangedman_abyss_or_decor_clamps, st_stairs_2,
          kennysheep_another_room, lightli_corner_chamber
Depths:2: minmay_the_grid_net [minmay_the_grid_eight, minmay_the_grid_doors,
          minmay_the_grid_garden, minmay_the_grid_tree,
          minmay_the_grid_zigzag_pyramid, minmay_the_grid_prize_trominoes],
          layout_basic, grunt_pan_entry_in_and_out, serial_glass,
          glass_columns_c, glass_columns_c, hangedman_tar_grid_catacomb,
          serial_bayou_shore_b, infiniplex_staircase_x
Depths:3: kennysheep_funnel, layout_gridlike, grunt_metal_band, abyss_entry,
          minmay_misc_feat_iff, nicolae_stop_n_shop_2,
          grunt_dithmenos_smoke_and_mirrors, minmay_shop_star
Depths:4: grunt_zot_entry_funnels, layout_cave_pools, enter_ziggurat_b,
          hell_entry, minmay_misc_feat_alley, gammafunk_ghost_necromancy,
          hangedman_decor_clover_reticule
Zot:1:    circus_mu, layout_basic

Skill      XL: |  1  2  3  4  5  6  7  8  9 10 11 12 13 14 15 16 17 18 19 20 21 22 23 |
---------------+----------------------------------------------------------------------+-----
Fighting       | 4 5 6 8 10 12 14 17 18 19 20 22 23 24 25 26 27 | 27.0
Axes           | 4 5 6 8 9 10 11 13 14 15 16 17 18 19 20 21 22 23 | 23.5
Armour         | 3 4 5 6 7 9 10 11 13 14 15 16 17 18 19 20 21 23 24 25 | 25.5
Dodging        | 3 4 5 6 8 9 10 12 14 16 17 18 19 20 21 22 23 | 23.7
Evocations     | 3 5 6 7 9 10 12 | 12.8
Shields        | 4 9 12 14 15 | 15.0

Action                   |  1- 3 |  4- 6 |  7- 9 | 10-12 | 13-15 | 16-18 | 19-21 | 22-24 || total
-------------------------+-------+-------+-------+-------+-------+-------+-------+-------++-------
Melee: Hand axe          |    77 |    97 |   302 |    81 |       |       |       |       ||   557
       Headbutt          |    10 |    15 |    55 |   108 |   192 |   307 |   392 |   218 ||  1297
       Punch             |       |       |     3 |       |       |       |       |       ||     3
       War axe           |       |       |       |   108 |       |       |       |       ||   108
       Broad axe         |       |       |       |   270 |   832 |  1017 |  1250 |   599 ||  3968
Invok: Berserk           |     1 |     1 |     2 |     4 |     5 |     4 |     1 |     2 ||    20
       Trog's Hand       |       |     1 |     1 |     2 |     5 |     4 |    16 |     3 ||    32
       Brothers in Arms  |       |       |       |       |       |       |     2 |     1 ||     3
Evoke: Wand              |       |       |       |       |       |       |     8 |       ||     8
       Lightning rod     |       |       |       |       |       |       |     1 |       ||     1
  Use: Scroll            |       |       |    11 |    17 |    12 |     6 |     6 |     2 ||    54
       Potion            |       |       |       |     1 |       |       |     5 |       ||     6
 Stab: Petrified         |       |       |       |       |     7 |       |       |       ||     7
       Distracted        |       |       |       |       |       |     1 |       |     1 ||     2
Armor: Animal skin       |    13 |       |       |       |       |       |       |       ||    13
       Chain mail        |       |    32 |   137 |   286 |       |       |       |       ||   455
       Plate armour      |       |       |       |    51 |   657 |   466 |   581 |   240 ||  1995
Dodge: Dodged            |    52 |    38 |   238 |   250 |   656 |   563 |   511 |   226 ||  2534
Block: Tower shield      |       |       |     4 |   265 |   438 |       |       |       ||   707
       Kite shield       |       |       |       |       |   214 |   654 |   828 |   460 ||  2156

Table legend: (Time is in decaauts)
 A = Elapsed time spent in this place.
 B = Non-inter-level travel time spent in this place.
 C = Inter-level travel time spent in this place.
 D = Time resting spent in this place.
 E = Time spent auto-exploring this place.
 F = Levels seen in this place.
 G = Mean time per level.
                   A        B        C        D        E       F      G
               +--------+--------+--------+--------+--------+-----+--------+
         Total |  68224 |  64524 |   3700 |  19632 |  31846 |  49 | 1392.3 |
       Dungeon |  16249 |  14860 |   1389 |   1458 |  10929 |  15 | 1083.3 |
        Temple |    172 |    172 |      0 |    172 |      0 |   1 |  172.0 |
          Lair |   8535 |   7774 |    761 |   1236 |   5327 |   5 | 1707.0 |
         Swamp |   6431 |   6262 |    169 |   3315 |   1665 |   4 | 1607.8 |
     Snake Pit |   6460 |   5988 |    472 |   1834 |   2374 |   4 | 1615.0 |
    Slime Pits |   8539 |   8457 |     82 |   5330 |   1891 |   5 | 1707.8 |
  Orcish Mines |   2538 |   2448 |     90 |   1032 |    875 |   2 | 1269.0 |
   Elven Halls |   6291 |   6063 |    228 |   2829 |   1538 |   3 | 2097.0 |
        Vaults |   6880 |   6477 |    403 |   1064 |   3843 |   4 | 1720.0 |
        Depths |   5660 |   5558 |    102 |   1281 |   3193 |   4 | 1415.0 |
           Zot |    380 |    380 |      0 |     78 |    150 |   1 |  380.0 |
        Bazaar |     84 |     84 |      0 |      0 |     60 |   1 |   84.0 |
               +--------+--------+--------+--------+--------+-----+--------+

Top non-repeatable levels by time:
 Slime:4: 4158 daAuts
   Elf:3: 2910 daAuts
   Elf:2: 2388 daAuts
  Lair:3: 2361 daAuts
Vaults:1: 2287 daAuts
  Lair:5: 2265 daAuts
 Snake:4: 2258 daAuts
 Swamp:4: 2173 daAuts
 Slime:5: 1934 daAuts
    D:10: 1823 daAuts
Vaults:2: 1802 daAuts
 Swamp:1: 1736 daAuts
Depths:2: 1701 daAuts
Depths:4: 1623 daAuts
  Lair:2: 1611 daAuts
